 Dungeon Crawl Stone Soup version 0.17.0-15-g6d90897 (webtiles) character file.

122 4thArraOfDagon the Chopper (level 5, -3/28 HPs)
             Began as a Vine Stalker Berserker on Nov 10, 2015.
             Was a Follower of Trog.
             Slain by a water moccasin (8 damage)
             ... on level 5 of the Dungeon.
             The game lasted 00:01:28 (251 turns).

4thArraOfDagon the Chopper (Vine Stalker Berserker)  Turns: 251, Time: 00:01:28

Health: -3/28      AC:  2    Str: 21    XL:     5   Next: 6%
Magic:  0/6        EV: 12    Int:  7    God:    Trog [*.....]
Gold:   12         SH:  0    Dex: 13    Spells: 0 memorised, 4 levels left

rFire  . . .     SeeInvis .     a - +0 hand axe
rCold  . . .     Clarity  .     b - +0 animal skin
rNeg   . . .     SustAt   .     (no shield)
rPois  .         Gourm    +     (no helmet)
rElec  .         Spirit   +     (no cloak)
rCorr  .         Warding  .     (no gloves)
rMut   .         Stasis   .     (no boots)
MR     .....                    i - amulet of the gourmand
Stlth  ..........               (no ring)
                                e - ring of loudness (curse)

@: lethally poisoned (-3 -> -14), exhausted, not resistant to hostile
enchantments, extremely unstealthy
A: fangs 2, regeneration 1, magic shield, antimagic bite, no device heal 3, rot
immunity
a: Berserk, Burn Spellbooks, Renounce Religion


You were on level 5 of the Dungeon.
You worshipped Trog.
Trog was aware of your devotion.
You were not hungry.

You visited 1 branch of the dungeon, and saw 5 of its levels.
You also visited: Ossuary.

You collected 12 gold pieces.

Inventory:

Hand Weapons
 a - a +0 hand axe (weapon)
Armour
 b - a +0 animal skin (worn)
Jewellery
 e - a cursed ring of loudness (left hand)
 i - an amulet of the gourmand (around neck)
Scrolls
 d - a scroll of random uselessness
Comestibles
 c - 2 bread rations
 g - a meat ration


   Skills:
 + Level 3.5 Fighting
 * Level 4.0 Axes
 + Level 2.4 Armour
 - Level 1.5 Dodging


You had 4 spell levels left.
You didn't know any spells.

Dungeon Overview and Level Annotations

Branches:
Dungeon (5/15)
 Temple: D:4-7

Altars:


Innate Abilities, Weirdness & Mutations

You have extremely sharp teeth.
Your natural rate of healing is unusually fast.
When hurt, damage is shared between your health and your magic reserves.
Your bite disrupts and absorbs the magic of your enemies.
Potions and wands cannot restore your health.
You are immune to rotting.


Message History

Unknown command.
Read which item? (? for menu, Esc to quit)
As you read the scroll labeled REHYQI CUEMOIH, it crumbles to dust.
It is a scroll of identify.
Identify which item? (\ to view known items) (? for menu, Esc to quit)
d - a scroll of random uselessness The water moccasin bites you!
You are poisoned.
The water moccasin poisons you! The water moccasin bites you!
You are lethally poisoned!
The water moccasin poisons you!
You feel sick.
You feel sick. The water moccasin bites you.
* * * LOW HITPOINT WARNING * * *
You feel sick.
Unknown command.
You barely miss the water moccasin.
* * * LOW HITPOINT WARNING * * *
You feel sick. The water moccasin bites you!
You die...

...# .....## .....## .
##...... .. ########
#....... ... #....<.#
###...# .. . #......#
#...#.#####.#...
#......#####.#.#..........#
#...........@S.........#
#......#######.#.#...###
#......# #.#.###....#
#......# #...# ###..#
#......# #..## ... #......#
.... .. ######## .....# .
#.....# #....


You could see a water moccasin.

Vanquished Creatures
  2 scorpions (D:5)
  A worker ant (D:4)
  An adder zombie (Ossuary)
  A hobgoblin (D:3)
  A kobold (D:2)
  An orc zombie (Ossuary)
  A quokka (D:4)
  A rat (D:2)
9 creatures vanquished.

Notes
Turn   | Place    | Note
--------------------------------------------------------------
     0 | D:1      | 4thArraOfDagon the Vine Stalker Berserker began the quest for the Orb.
     0 | D:1      | Reached XP level 1. HP: 11/11 MP: 2/2
    12 | D:1      | You fall through a shaft!
    78 | D:4      | Noticed a worker ant
    79 | D:4      | Found a sand-covered staircase.
    82 | D:4      | Killed a worker ant
    82 | D:4      | Reached skill level 3 in Fighting
    82 | D:4      | Reached XP level 2. HP: 16/16 MP: 3/3
    82 | D:4      | Reached XP level 3. HP: 20/20 MP: 4/4
   126 | Ossuary  | Entered an ossuary
   158 | Ossuary  | Noticed HaroldButt's ghost (amateur MiEn)
   161 | Ossuary  | HP: 1/20 [arrow trap (8)]
   184 | D:5      | Entered Level 5 of the Dungeon
   203 | D:5      | Noticed a scorpion
   205 | D:5      | Noticed a scorpion
   211 | D:5      | Killed a scorpion
   211 | D:5      | Reached XP level 4. HP: 16/24 MP: 3/5
   214 | D:5      | Killed a scorpion
   214 | D:5      | Reached skill level 4 in Axes
   214 | D:5      | Reached XP level 5. HP: 19/28 MP: 6/6
   242 | D:5      | Noticed a water moccasin
   251 | D:5      | Slain by a water moccasin

Action                   |  1- 3 |  4- 6 || total
-------------------------+-------+-------++-------
Melee: Hand axe          |    18 |     4 ||    22
Invok: Berserk           |     2 |       ||     2
  Use: Scroll            |       |     1 ||     1
  Eat: Chunk             |     5 |       ||     5
